 Dungeon Crawl Stone Soup version 0.13.1-27-ga479965 (webtiles) character file.

505 Chiseanne the Ruinous (level 5, -4/35 HPs)
             Began as a Mummy Conjurer on Feb 9, 2014.
             Killed from afar by an orc wizard (12 damage)
             ... with a puff of flame
             ... on Level 4 of the Dungeon on Feb 10, 2014.
             The game lasted 00:15:02 (13489 turns).

Chiseanne the Ruinous (Mummy Conjurer)             Turns: 13489, Time: 00:15:02

HP  -4/35        AC  9     Str 11      XL: 5   Next: 86%
MP   0/10        EV 12     Int 15      God:
Gold 256         SH  0     Dex 12      Spells:  3 memorised,  1 level left

Res.Fire  : x . .   See Invis. : .   s - +1,+0 dagger (protect)
Res.Cold  : + . .   Warding    : .   C - +2 robe
Life Prot.: + + +   Conserve   : .   (no shield)
Res.Poison: +       Res.Corr.  : .   (no helmet)
Res.Elec. : .       Clarity    : .   (no cloak)
Sust.Abil.: . .     Spirit.Shd : +   (no gloves)
Res.Mut.  : .       Stasis     : .   (no boots)
Res.Rott. : +       Flight     : .   n - amulet of guardian spirit
Saprovore : . . .                    (no ring)
                                     (no ring)

@: slowed, very slow, slightly resistant to hostile enchantments, unstealthy
A: no food or potions, fire vulnerability, restore body, cold resistance 1, life
protection 3, poison resistance, torment resistance, unbreathing
a: no special abilities


You were on level 4 of the Dungeon.
You were not hungry.

You visited 1 branch of the dungeon, and saw 4 of its levels.

You collected 236 gold pieces.

Inventory:

Hand weapons
 b - a +1,+2 orcish hand axe of flaming
 e - a +0,+0 club
 s - a +1,+0 dagger of protection (weapon)
Missiles
 d - 42 stones
 g - 38 bolts
 q - 3 darts (quivered)
 x - 23 arrows
 z - 7 javelins
 F - 29 sling bullets
Armour
 C - a +2 robe (worn)
Magical devices
 r - a wand of digging (11)
 t - a wand of frost (0)
Comestibles
 h - 5 bread rations
 j - 2 meat rations
 p - a banana
 E - a pear
Scrolls
 l - 3 scrolls of recharging {unknown}
 m - 3 scrolls of identify {unknown}
 u - a scroll of curse jewellery {unknown}
 v - a scroll of enchant armour {unknown}
 w - 4 scrolls of remove curse {unknown}
 y - a scroll of curse armour {unknown}
 A - a scroll of fear {unknown}
 B - 2 scrolls of noise {unknown}
 G - a scroll of enchant weapon II {unknown}
Jewellery
 n - an amulet of guardian spirit (around neck)
Potions
 f - a potion of speed {unknown}
 i - a potion of brilliance {unknown}
 k - a potion of agility {unknown}
 o - 3 potions of heal wounds {unknown}
 D - 3 potions of curing {unknown}
Books
 c - a book of Conjurations

   Spells                             Type                      Level
   *Magic Dart                        Conjuration                  1
   Searing Ray                        Conjuration                  2
   Dazzling Spray                     Conjuration/Hexes            3
   *Iskenderun's Mystic Blast         Conjuration                  4
   *Iskenderun's Battlesphere         Conjuration/Charms           4
   Fulminant Prism                    Conjuration/Hexes            5


   Skills:
 - Level 1.5 Dodging
 - Level 1.5 Stealth
 * Level 3.1 Spellcasting
 * Level 5.0 Conjurations
 * Level 1.0 Evocations


You had one spell level left.
You knew the following spells:

 Your Spells              Type           Power        Failure   Level  Hunger
a - Magic Dart            Conj           ###.         2%          1    N/A
b - Iskenderun's Mystic   Conj           ###.....     28%         4    N/A
c - Iskenderun's Battles  Conj/Chrm      #.......     78%         4    N/A

Dungeon Overview and Level Annotations

Branches:
Dungeon (4/27)
 Temple: D:4-7

Altars:
Cheibriados

Annotations:
D:3 Sigmund
D:4 exclusions: upstairs and 1 more exclusion, Duvessa


Innate Abilities, Weirdness & Mutations

You do not eat or drink.
Your flesh is vulnerable to fire.
Your flesh is cold resistant.
You are immune to negative energy.
Your system is resistant to poisons.
You are immune to unholy pain and torment.
You can survive without breathing.


Message History

Aiming: Magic Dart
Press: ? - help, Shift-Dir - straight line, f/p - orc wizard
Aim: an orc wizard, wielding an orcish dagger and wearing an orcish robe (heavily wounded, moving very quickly)
The magic dart hits the orc wizard.
The orc wizard is heavily wounded.
The orc wizard misses you. The orc wizard barely misses you.
Casting: Magic Dart
Confirm with . or Enter, or press ? or * to list all spells.
You don't have enough magic to cast that spell.
Unknown command.
Casting: Magic Dart
Confirm with . or Enter, or press ? or * to list all spells.
Aiming: Magic Dart
Press: ? - help, Shift-Dir - straight line, f/p - orc wizard
Aim: an orc wizard, wielding an orcish dagger and wearing an orcish robe (heavily wounded, moving very quickly)
The magic dart hits the orc wizard.
The orc wizard is severely wounded.
The orc wizard points at you and mumbles some strange words.
The puff of flame hits you! The fire burns you terribly!
You die...

....%.# #........#
......# #........#
......######........#
....>.#....'........#
......'.####........#
......### #####'####
####### #.# ..######
#.# #......# ###@#
######'## #eo.#
#...#...# ####o######
###.#.#.# #.......<.#
#...#.# #...e.....#
###.#.# #.........#
#.#.# #.........#
###.# #.........# #.#
#....o....#


You could see Duvessa, an orc wizard and an orc.

Vanquished Creatures
  Dowan (D:4)
  2 iguanas
  6 adders
  A worm (D:2)
  2 oozes
  4 orcs
  21 bats
  4 giant cockroaches
  18 goblins
  11 hobgoblins
  2 jackals (D:4)
  A quokka (D:3)
  3 giant geckos
  5 giant newts
  6 kobolds
  13 rats
100 creatures vanquished.

Notes
Turn   | Place    | Note
--------------------------------------------------------------
     0 | D:1      | Chiseanne, the Mummy Conjurer, began the quest for the Orb.
     0 | D:1      | Reached XP level 1. HP: 13/13 MP: 3/3
   269 | D:1      | Reached XP level 2. HP: 19/19 MP: 0/4
  1140 | D:1      | Reached skill level 4 in Conjurations
  3504 | D:1      | Reached XP level 3. HP: 24/24 MP: 0/5
  5607 | D:1      | Noticed a rock worm
  5657 | D:2      | Found a snail-covered altar of Cheibriados.
  6217 | D:2      | Reached XP level 4. HP: 26/30 MP: 0/7
  6290 | D:2      | Learned a level 4 spell: Iskenderun's Mystic Blast
 11600 | D:2      | Noticed an orc warrior
 12080 | D:3      | Reached XP level 5. HP: 10/35 MP: 0/10
 12322 | D:3      | Learned a level 4 spell: Iskenderun's Battlesphere
 12617 | D:3      | Noticed Sigmund
 12695 | D:4      | Noticed Duvessa
 12695 | D:4      | Noticed Dowan
 12717 | D:4      | Killed Dowan
 13159 | D:4      | Reached skill level 5 in Conjurations
 13159 | D:4      | Reached skill level 1 in Evocations
 13489 | D:4      | Killed from afar by an orc wizard

Action                   |  1- 3 |  4- 6 || total
-------------------------+-------+-------++-------
Melee: Club              |    34 |       ||    34
       Dagger            |       |    23 ||    23
 Cast: Magic Dart        |   110 |   139 ||   249
Evoke: Wand              |     3 |    10 ||    13
  Use: Scroll            |       |     1 ||     1
 Stab: Sleeping          |       |     2 ||     2
